Map: 베를린그라드 - 래더

Players

Prince - Winner!

  • Race: Protoss Protoss
  • League: Grandmaster

NightMare

  • Race: Protoss Protoss
  • League: Master

Event: DreamHack SC2 Masters Last Chance 2022

VOD

Have the link to the VOD?

Description

Time

  • Played on: Dec. 15, 2021, 5:05 a.m.
  • Length: 8:12

All games in this series

Show
View Real Time Build Order
Export as new Build Order

Prince Protoss - Winner!

Build Orders: 1 Gate Expand 

Get SALT Encoding   

  12  0:00  Probe  
  13  0:12  Probe  
  14  0:18  Pylon  
  14  0:24  Probe (Chrono Boost)  
  15  0:36  Probe (Chrono Boost)  
  15  0:37  Gateway  
  16  0:45  Probe (Chrono Boost)  
  16  0:46  Assimilator  
  17  0:51  Probe  
  18  1:03  Probe  
  19  1:15  Probe  
  20  1:24  Nexus  
  20  1:34  Cybernetics Core  
  20  1:37  Probe  
  21  1:44  Assimilator  
  21  1:49  Probe  
  21  1:53  Pylon  
  23  2:01  Probe (Chrono Boost)  
  23  2:08  Stalker (Chrono Boost)  
  23  2:12  Warp Gate  
  23  2:13  Probe (Chrono Boost)  
  26  2:19  Probe (Chrono Boost)  
  27  2:24  Robotics Facility  
  27  2:31  Shield Battery  
  27  2:37  Stalker  
  27  2:42  Probe  
  30  2:54  Probe  
  30  2:55  Probe  
  32  3:04  Gateway  
  32  3:09  Immortal (Chrono Boost)  
  37  3:14  Probe (Chrono Boost)  
  37  3:16  Probe (Chrono Boost)  
  37  3:25  Probe (Chrono Boost)  
  39  3:27  Probe (Chrono Boost)  
  39  3:30  Gateway, Probe (Chrono Boost)  
  40  3:37  Warp Prism (Chrono Boost)  
  42  3:45  Pylon  
  42  3:46  Probe  
  43  3:48  Probe  
  43  3:55  Twilight Council  
  44  3:59  Probe  
  44  4:02  Probe  
  46  4:06  Stalker  
  46  4:07  Observer  
  49  4:11  Stalker  
  49  4:13  Probe  
  52  4:21  Probe  
  53  4:25  Probe  
  53  4:28  Blink (Chrono Boost)  
  53  4:30  Pylon  
  54  4:41  Nexus  
  54  4:52  Observer  
  54  4:55  Probe x2  
  56  5:04  Immortal (Chrono Boost)  
  56  5:07  Assimilator, Probe  
  56  5:08  Probe  
  56  5:12  Assimilator  
  62  5:17  Forge  
  62  5:23  Pylon  
  62  5:28  Gateway  
  62  5:32  Gateway  
  62  5:34  Gateway  
  62  5:40  Protoss Ground Weapons Level 1 (Chrono Boost)  
  62  5:41  Probe x2, Shield Battery  
  62  5:42  Stalker x2  
  68  5:43  Stalker  
  70  5:53  Probe x2  
  70  5:55  Probe  
  73  6:05  Probe  
  73  6:08  Probe x2  
  73  6:11  Stalker x3  
  76  6:17  Probe  
  77  6:23  Probe x2  
  77  6:30  Stalker x2, Probe  
  80  6:35  Probe  
  80  6:39  Sentry x2  
  85  6:42  Pylon  
  85  6:43  Pylon  
  85  6:49  Pylon  
  85  6:58  Pylon  
  85  7:03  Stalker x4  
  85  7:04  Stalker  
  85  7:07  Stalker  
  97  7:27  Stalker x5  
  105  7:42  Stalker  
  105  7:43  Probe  
  105  7:44  Probe x2  
  96  7:55  Pylon  
  96  7:56  Probe x2  
  96  7:57  Stalker x2  
  102  8:03  Stalker  
  102  8:04  Zealot x2  
Show
View Real Time Build Order
Export as new Build Order

NightMare Protoss 

Build Orders: Blink Stalkers 

Get SALT Encoding   

  12  0:00  Probe  
  13  0:12  Probe  
  14  0:17  Pylon  
  14  0:24  Probe (Chrono Boost)  
  15  0:36  Probe (Chrono Boost)  
  15  0:38  Gateway  
  16  0:45  Probe (Chrono Boost)  
  16  0:46  Assimilator  
  17  0:51  Probe  
  18  0:58  Assimilator  
  18  1:03  Probe (Chrono Boost)  
  19  1:08  Gateway  
  19  1:13  Probe (Chrono Boost)  
  19  1:18  Probe (Chrono Boost)  
  20  1:25  Cybernetics Core  
  21  1:30  Probe  
  22  1:37  Pylon  
  22  1:42  Probe  
  23  1:55  Probe  
  23  1:59  Warp Gate (Chrono Boost)  
  24  2:02  Stalker x2  
  24  2:08  Pylon  
  28  2:35  Nexus  
  28  2:43  Sentry x2  
  32  2:44  Probe  
  32  2:49  Pylon  
  33  2:56  Probe  
  34  3:08  Probe (Chrono Boost)  
  34  3:10  Shield Battery  
  35  3:18  Twilight Council  
  35  3:20  Probe (Chrono Boost)  
  36  3:28  Probe (Chrono Boost)  
  37  3:35  Probe  
  37  3:40  Stalker x2  
  42  3:45  Blink (Chrono Boost)  
  42  3:47  Probe x2  
  44  3:59  Probe x2  
  46  4:05  Stalker  
  46  4:06  Stalker  
  50  4:11  Probe x2  
  50  4:15  Shield Battery  
  52  4:28  Stalker, Shield Battery  
  52  4:30  Stalker  
  56  4:31  Probe x2  
  56  4:34  Pylon  
  58  4:45  Gateway  
  58  4:47  Pylon  
  58  4:56  Stalker x2  
  58  4:59  Probe x2  
  61  5:11  Probe x2  
  63  5:23  Nexus  
  63  5:24  Adept x2  
  63  5:25  Pylon  
  67  5:28  Probe x2  
  69  5:36  Assimilator  
  69  5:37  Pylon  
  69  5:40  Probe x2  
  71  5:45  Forge  
  71  5:48  Gateway  
  71  5:56  Robotics Facility  
  71  5:57  Charge  
  71  5:58  Gateway, Probe x2  
  73  6:04  Pylon  
  73  6:11  Probe x2  
  73  6:24  Stalker  
  73  6:25  Stalker x2  
  77  6:29  Gateway  
  77  6:32  Probe x2  
  77  6:37  Probe  
  78  6:45  Immortal (Chrono Boost)  
  78  6:48  Shield Battery  
  78  6:52  Probe x2, Sentry  
  86  6:58  Gateway  
  86  6:59  Gateway  
  86  7:05  Stalker x2  
  86  7:07  Probe x2  
  90  7:09  Probe  
  90  7:15  Observer (Chrono Boost)  
  92  7:17  Pylon  
  92  7:19  Stalker x2  
  94  7:22  Stalker  
  89  7:30  Stalker x2  
  89  7:35  Stalker  
  92  7:43  Stalker  
  79  7:44  Zealot  
  79  7:48  Zealot  
  65  7:53  Zealot x2  
  65  7:54  Zealot x2  
  53  7:59  Zealot  

Tags
 
Add a new tag
Caveats
  • Supply blocks, unpowered buildings, or Contaminate may cause inaccurate times.
  • Supply counts are checked every 10 seconds.